 Dungeon Crawl Stone Soup version 0.19-a0-1704-gbd66c22 (webtiles) character file.

39 dvd the Shield-Bearer (level 3, -2/23 HPs)
             Began as a Gargoyle Fighter on Sept 27, 2016.
             Was an Initiate of Qazlal.
             Killed from afar by Sigmund (7 damage)
             ... with a puff of flame
             ... on level 2 of the Dungeon.
             The game lasted 00:02:01 (794 turns).

dvd the Shield-Bearer (Gargoyle Fighter)             Turns: 794, Time: 00:02:01

Health: -2/23      AC: 11    Str: 24    XL:     3   Next: 47%
Magic:  3/3        EV:  8    Int:  8    God:    Qazlal [......]
Gold:   35         SH:  9    Dex: 10    Spells: 0 memorised, 2 levels left

rFire  . . .     SeeInvis .     a - +0 war axe
rCold  . . .     Gourm    .     b - +0 scale mail
rNeg   + . .     Faith    .     c - +0 shield
rPois  ∞         Spirit   .     (no helmet)
rElec  +         Dismiss  .     (no cloak)
rCorr  .         Reflect  .     (no gloves)
MR     .....     Harm     .     (no boots)
Stlth  ..........               (no amulet)
                                (no ring)
                                (no ring)

@: mighty
A: negative energy resistance 1, electricity resistance, unbreathing,
petrification resistance, rot immunity, AC +3
a: Renounce Religion


You were on level 2 of the Dungeon.
You worshipped Qazlal.
Qazlal was noncommittal.
You were not hungry.

You visited 1 branch of the dungeon, and saw 2 of its levels.

You collected 35 gold pieces.

Inventory:

Hand Weapons
 a - a +0 war axe (weapon)
Armour
 b - a +0 scale mail (worn)
 c - a +0 shield (worn)
Scrolls
 h - a scroll of identify {unknown}
Potions
 e - 2 potions of heal wounds {unknown}
 i - a potion of brilliance
Comestibles
 f - 2 bread rations
 g - 2 chunks of flesh


   Skills:
 + Level 3.5 Fighting
 * Level 2.4 Axes
 + Level 3.4 Armour
 + Level 0.7 Dodging
 + Level 3.7 Shields


You had 2 spell levels left.
You didn't know any spells.

Dungeon Overview and Level Annotations

Branches:
Dungeon (2/15)

Altars:
Qazlal

Annotations:
D:2 Sigmund


Innate Abilities, Weirdness & Mutations

You are resistant to torment.
Your stone body is resilient. (AC +3)
You are immune to poison.
You resist negative energy. (rN+)
You are resistant to electric shocks. (rElec)
You can survive without breathing.
You are immune to petrification.
You are immune to rotting.


Message History

Sigmund hits you but does no damage.
You hit Sigmund.
Sigmund is lightly wounded.
Sigmund says, "Your kind have come here before.
I understand now why.
You desire death..."
Sigmund hits you with a scythe.
* * * LOW HITPOINT WARNING * * *
You closely miss Sigmund.
Sigmund is lightly wounded.
Sigmund gestures at you while chanting. The magic dart hits you!
You block Sigmund's attack.
You feel very mighty all of a sudden. You block Sigmund's attack.
You slash Sigmund!
Sigmund is heavily wounded.
Sigmund misses you. You block Sigmund's attack.
You hit Sigmund.
Sigmund is severely wounded.
Sigmund gestures at you while chanting. The puff of flame hits you!
You die...

#......#
..########......#######
.........#............#
#.......#............#
###.......#.............
........................
........#...............
.............#.#........
......@@......_.....###.
.............#.#....# #.
####.###........##### #.
#.....#.......######.
#...#####'#..........
.... #.#.......... ...
#.#.......... ###
#.#..........
#.#.....###+#


You could see Sigmund.

Vanquished Creatures
  An adder (D:2)
  A worm (D:2)
  2 leopard geckos (D:1)
  2 ball pythons
  2 bats (D:1)
  A giant cockroach (D:1)
  2 goblins
  A hobgoblin (D:1)
  3 jackals (D:1)
  A quokka (D:2)
  A frilled lizard (D:2)
  5 kobolds (D:1)
  3 rats (D:1)
25 creatures vanquished.

Notes
Turn   | Place    | Note
-------+----------+-------------------------------------------
     0 | D:1      | dvd the Gargoyle Fighter began the quest for the Orb.
     0 | D:1      | Reached XP level 1. HP: 14/14 MP: 1/1
   197 | D:1      | Reached XP level 2. HP: 19/19 MP: 2/2
   600 | D:1      | Reached XP level 3. HP: 21/23 MP: 3/3
   757 | D:2      | Found a stormy altar of Qazlal.
   767 | D:2      | Became a worshipper of Qazlal Stormbringer
   785 | D:2      | Noticed Sigmund
   794 | D:2      | Killed from afar by Sigmund

Vault maps used:
D:1:      matt_arrival_diagonals
D:2:      nicolae_overflow_hidden_temple, old_standard_altar,
          lemuel_crystal_altar, roderic_serpentine_path, uniq_iyjb, uniq_sigmund

Skill      XL: |  1  2 |
---------------+-------+-----
Axes           | 2 |  2.4
Fighting       | |  3.5
Armour         | |  3.4
Dodging        | |  0.7
Shields        | |  3.7

Action                   || total
-------------------------++-------
Melee: War axe           ||   100
  Use: Potion            ||     3
Armor: Scale mail        ||    59
Dodge: Dodged            ||    31
Block: Shield            ||    70
